 Dungeon Crawl Stone Soup version 0.20-a0-970-gcd8f41e (webtiles) character file.

25 Rrauwl the Grasshopper (level 3, -1/28 HPs)
             Began as a Barachi Warper on Apr 8, 2017.
             Slain by an adder (3 damage)
             ... on level 2 of the Dungeon.
             The game lasted 00:02:41 (694 turns).

Rrauwl the Grasshopper (Barachi Warper)              Turns: 694, Time: 00:02:41

Health: -1/28      AC:  3    Str: 12    XL:     3   Next: 6%
Magic:  6/6        EV: 12    Int: 13    God:
Gold:   28         SH:  0    Dex: 12    Spells: 4/6 levels left

rFire    . . .     SeeInvis .   a - +0 falchion
rCold    . . .     Gourm    .   (no shield)
rNeg     . . .     Faith    .   b - +0 leather armour
rPois    .         Spirit   .   (no helmet)
rElec    .         Reflect  .   (no cloak)
rCorr    .         Harm     .   (no gloves)
MR       .....                  (no boots)
Stlth    +.........             (no amulet)
Regen    0.1/turn               (no ring)
MPRegen  0.1/turn               (no ring)

@: lethally poisoned (-1 -> -4), flying (expiring), slow
A: +LOS, swims, slowness 1, strong legs 1
a: Hop


You were on level 2 of the Dungeon.
You were not hungry.

You visited 1 branch of the dungeon, and saw 2 of its levels.

You collected 28 gold pieces.

Inventory:

Hand Weapons
 a - a +0 falchion (weapon)
Missiles
 e - 5 tomahawks of dispersal (quivered)
Armour
 b - a +0 leather armour (worn)
Scrolls
 d - a scroll of blinking
 k - a scroll of identify
 n - a scroll of magic mapping {unknown}
 o - a scroll of recharging {unknown}
 p - a scroll of fear {unknown}
 q - a scroll of teleportation {unknown}
Potions
 j - a potion of cancellation
Books
 c - a book of Spatial Translocations

   Spells                             Type                      Level
   a - Blink                          Translocation                2
   b - Shroud of Golubria             Charms/Translocation         2
   c - Lesser Beckoning               Translocation                3
   d - Gell's Gravitas                Translocation                3
   e - Teleport Other                 Translocation                3
   f - Passage of Golubria            Translocation                4
Comestibles
 f - 2 bread rations
 g - a royal jelly
 h - a meat ration
 l - a fruit
 m - 3 chunks of flesh


   Skills:
 + Level 2.5 Fighting
 + Level 2.8 Long Blades
 - Level 1.0 Throwing
 - Level 2.0 Armour
 + Level 2.6 Dodging
 + Level 2.3 Spellcasting
 + Level 3.5 Translocations


You had 4 spell levels left.
You knew the following spells:

 Your Spells              Type           Power        Failure   Level  Hunger
a - Blink                 Tloc           N/A          12%         2    ###....


Dungeon Overview and Level Annotations

Branches:
Dungeon (2/15)

Altars:


Innate Abilities, Weirdness & Mutations

Shadows flee at your approach. (+LOS)
You can swim through water.
You cover ground slowly.
You can hop short distances.


Message History

As you read the scroll labeled SYMOANN HANIOT, it crumbles to dust.
It is a scroll of identify.
j - a potion of cancellation The adder barely misses you.
You hit the adder but do no damage. The adder closely misses you.
You closely miss the adder. The adder bites you.
* * * LOW HITPOINT WARNING * * *
The adder bites you but does no damage.
You hit the adder.
The adder is moderately wounded.
The adder bites you.
* * * LOW HITPOINT WARNING * * *
You are poisoned.
The adder poisons you!
You hit the adder but do no damage.
The adder is moderately wounded.
You feel sick. The adder bites you.
* * * LOW HITPOINT WARNING * * *
The adder bites you.
You die...

.........##
#.........<.....
##...###.#
#............... #...
#..###..w............
#..
#...S...............#
.[.
..######>....#.....##
## ###
#....##########
###.#### ##.Sw#
#(@### #....## ##.##
.. ##


You could see a worm and an adder.

Vanquished Creatures
  A giant cockroach (D:1)
  3 goblins (D:1)
  3 hobgoblins
  2 jackals (D:2)
  A quokka (D:2)
  A ball python (D:2)
  6 bats
  2 frilled lizards (D:1)
  5 kobolds (D:1)
  A rat (D:1)
25 creatures vanquished.

Notes
Turn   | Place    | Note
-------+----------+-------------------------------------------
     0 | D:1      | Rrauwl the Barachi Warper began the quest for the Orb.
     0 | D:1      | Reached XP level 1. HP: 17/17 MP: 3/3
   248 | D:1      | Reached XP level 2. HP: 17/23 MP: 5/5
   295 | D:1      | Learned a level 2 spell: Blink
   660 | D:2      | Reached XP level 3. HP: 15/28 MP: 6/6
   694 | D:2      | Slain by an adder

Vault maps used:
D:1:      dpeg_arrival_concentric_ovals
D:2:      first_bread, minmay_misc_feat_cross

Skill      XL: |  1  2 |
---------------+-------+-----
Armour         | 2 |  2.0
Fighting       | |  2.5
Long Blades    | |  2.8
Throwing       | |  1.0
Dodging        | |  2.6
Spellcasting   | |  2.3
Translocations | |  3.5

Action                   || total
-------------------------++-------
Melee: Falchion          ||    81
  Use: Scroll            ||     1
       Potion            ||     1
Armor: Leather armour    ||    29
Dodge: Dodged            ||    49
       Rpst.: Falchion   ||    20
